AoeStats
← JR_Clutch

Arabia

508343927Analyzed
1v1 RM · 11d ago on Sep 22, 2026· 38m 16s· 2 players
Game mode
Random Map
Map size
Tiny (2 player)
Population
200
Speed
Normal
Resources
Standard
Victory
Conquest
Starting age
Dark Age
Ending age
Imperial Age
RankedLock teamsTeams togetherTeam positionsShared explorationLock speedFull tech treeHidden civsTurbo modeCheats
Victory
Defeat
🇪🇸 Turks · Spain
740
+14
🇨🇱 Ethiopians · Chile
699
-14
JR_Clutch
10:20 Feudal Age
11:49 Double-Bit Axe
12:38 Horse Collar
14:38 Wheelbarrow
19:12 Castle Age
20:08 Fletching
20:30 Forging
22:32 Squires
25:15 Stone Mining
25:19 Gold Mining
26:09 Bow Saw
28:13 Elite Skirmisher
30:45 Arson
31:56 Hand Cart
37:08 Imperial Age
34:28 Town Watch
35:23 Stone Shaft Mining
35:25 Gold Shaft Mining
34:50 Loom
38:23 Ballistics
39:04 Chemistry
Alberto
11:11 Feudal Age
10:29 Loom
11:59 Double-Bit Axe
15:18 Horse Collar
21:47 Castle Age
20:26 Wheelbarrow
21:51 Castle Age
19:39 Town Watch
20:43 Wheelbarrow
19:53 Town Watch
25:50 Hand Cart
25:36 Town Patrol
29:02 Gold Mining
32:19 Gold Shaft Mining
32:06 Padded Archer Armor
32:02 Fletching
35:30 Imperial Age
37:13 Leather Archer Armor
37:25 Stone Mining
37:34 Bodkin Arrow
37:45 Elite Janissary
Connection lost

Rejoining the realm…

Still unreachable

The connection could not be restored.

Session expired

The server has moved on; the page needs a fresh start.